AoeStats
← KaLong

Lombardia

507330210Analyzed
4v4 RM · 13d ago on Sep 17, 2026· 33m 20s· 8 players
Game mode
Random Map
Map size
Large (8 player)
Population
200
Speed
Normal
Resources
Standard
Victory
Conquest
Starting age
Dark Age
Ending age
Imperial Age
RankedLock teamsTeams togetherTeam positionsShared explorationLock speedFull tech treeHidden civsTurbo modeCheats
Victory
Defeat
🇭🇰 Magyars · Hong Kong SAR China
1630
+9
🇺🇸 Huns · United States
1519
+13
🇧🇷 Spanish · Brazil
1478
+15
🇺🇸 Vietnamese · United States
1332
+20
🇨🇳 Jurchens · China
1501
-16
🇺🇸 Franks · United States
1479
-15
🇪🇸 Saracens · Spain
1452
-14
🇨🇴 Britons · Colombia
1393
-12
LYR92426
11:20 Feudal Age
9:58 Loom
12:19 Double-Bit Axe
18:37 Castle Age
19:51 Wheelbarrow
19:43 Bow Saw
21:00 Husbandry
21:53 Scale Barding Armor
23:55 Gold Mining
24:52 Stone Mining
26:45 Forging
27:40 Hand Cart
30:00 Fletching
31:35 Chain Barding Armor
Álvaro de Bazán
5:22 Loom
11:19 Feudal Age
15:14 Double-Bit Axe
18:21 Castle Age
24:45 Scale Barding Armor
27:02 Forging
33:19 Husbandry
DeepSleep
1:40 Loom
8:10 Loom
11:45 Feudal Age
12:24 Double-Bit Axe
16:25 Gold Mining
19:21 Horse Collar
24:28 Fletching
28:55 Wheelbarrow
31:31 Castle Age
31:35 Padded Archer Armor
31:38 Crossbowman
32:32 Bodkin Arrow
[ESTG] TheDementor
6:12 Loom
6:57 Loom
8:56 Feudal Age
9:55 Double-Bit Axe
15:27 Fletching
23:23 Castle Age
21:33 Padded Archer Armor
21:41 Gold Mining
21:41 Horse Collar
23:26 Crossbowman
24:08 Bodkin Arrow
26:27 Bow Saw
26:34 Bow Saw
29:46 Ballistics
32:10 Wheelbarrow
倉木華
10:40 Feudal Age
10:46 Feudal Age
15:44 Castle Age
13:29 Double-Bit Axe
14:06 Fletching
15:16 Loom
15:44 Gold Mining
24:52 Bodkin Arrow
26:35 Ballistics
29:04 Wheelbarrow
Morris=w=
6:21 Loom
9:05 Feudal Age
9:44 Double-Bit Axe
16:41 Scale Barding Armor
17:48 Horse Collar
18:58 Gold Mining
19:26 Bloodlines
23:42 Castle Age
24:45 Bow Saw
KaLong
7:23 Loom
9:22 Feudal Age
10:36 Double-Bit Axe
17:06 Town Watch
18:04 Padded Archer Armor
18:14 Fletching
19:21 Horse Collar
24:11 Castle Age
24:15 Crossbowman
25:03 Thumb Ring
26:48 Ballistics
27:32 Bodkin Arrow
GAX | Gabasco
9:43 Feudal Age
8:40 Loom
10:11 Double-Bit Axe
10:34 Horse Collar
17:19 Wheelbarrow
21:01 Castle Age
19:33 Stone Mining
20:37 Padded Archer Armor
20:49 Gold Mining
22:14 Hand Cart
22:32 Bow Saw
22:24 Heavy Plow
24:01 Leather Archer Armor
28:41 Ballistics
33:39 Imperial Age
31:54 Light Cavalry
32:45 Bloodlines
32:35 Husbandry
Connection lost

Rejoining the realm…

Still unreachable

The connection could not be restored.

Session expired

The server has moved on; the page needs a fresh start.